AoeStats
← Luchiansky

Northern Isles

510867411Analyzed
1v1 RM · 22h ago on Oct 2, 2026· 43m 41s· 2 players
Game mode
Random Map
Map size
Tiny (2 player)
Population
200
Speed
Normal
Resources
Standard
Victory
Conquest
Starting age
Dark Age
Ending age
Imperial Age
RankedLock teamsTeams togetherTeam positionsShared explorationLock speedFull tech treeHidden civsTurbo modeCheats
Victory
Defeat
🇺🇸 Italians · United States
1212
+16
🇦🇷 Magyars · Argentina
1214
-16
GrandNedgus
2:40 Loom
12:40 Feudal Age
13:14 Double-Bit Axe
13:21 Gold Mining
15:16 Fishing Lines
16:47 Stone Mining
16:51 Fletching
21:47 Castle Age
22:54 Medium Warships
22:56 Gillnets
23:42 Bow Saw
25:12 Bodkin Arrow
28:07 Pikeman
30:02 Ballistics
35:49 Imperial Age
33:31 Demolition Ship
34:27 Masonry
37:00 Conscription
37:45 Heavy Warships
38:23 Chemistry
38:19 Wheelbarrow
38:46 Two-Man Saw
38:50 Shipwright
38:42 Clinker Construction
38:44 Careening
38:56 Elite Cannon Galleon
40:17 Conscription
40:28 Elite Genoese Crossbowman
Luchiansky
5:25 Loom
12:18 Feudal Age
16:46 Castle Age
15:52 Fletching
24:36 Double-Bit Axe
29:23 Fishing Lines
31:33 Gillnets
34:28 Bow Saw
36:13 Town Watch
37:10 Wheelbarrow
41:59 Horse Collar
45:35 Imperial Age
Connection lost

Rejoining the realm…

Still unreachable

The connection could not be restored.

Session expired

The server has moved on; the page needs a fresh start.